 Dungeon Crawl Stone Soup version 0.29-a0-517-gbdf32494f2 (webtiles) character file.

Game seed: 15668066902512351045

4 purpskrrrp the Shield-Bearer (level 1, 0/16 HPs)
             Began as an Octopode Fighter on May 30, 2022.
             Slain by a gnoll
             ... wielding a +0 vorpal flail
              (2 damage)
             ... on level 2 of the Dungeon.
             The game lasted 00:01:18 (322 turns).

purpskrrrp the Shield-Bearer (Octopode Fighter)      Turns: 322, Time: 00:01:19

Health: 0/16       AC:  1    Str: 15    XL:     1   Next: 60%
Magic:  1/1        EV: 13    Int: 10    God:
Gold:   43         SH:  4    Dex: 11    Spells: 0/0 levels left

rFire   . . .      SeeInvis .   a - +0 trident
rCold   . . .      Faith    .   b - +0 buckler
rNeg    . . .      Spirit   .   (helmet restricted)
rPois   .          Reflect  .   (no amulet)
rElec   .          Harm     .   (no ring)
rCorr   .          Rampage  .   (no ring)
Will    .....                   (no ring)
Stlth   ++........              (no ring)
HPRegen 0.05/turn               (no ring)
MPRegen 0.07/turn               (no ring)
                                (no ring)
                                (no ring)

@: no status effects
A: almost no armour, amphibious, 8 rings, camouflage 1, gelatinous body 1,
(nimble swimmer 1), tentacles
a: no special abilities


You were on level 2 of the Dungeon.
You visited 1 branch of the dungeon, and saw 2 of its levels.

You collected 43 gold pieces.

Inventory:

Hand Weapons
 a - a +0 trident (weapon)
Missiles
 d - 6 poisoned darts (quivered)
Armour
 b - a +0 buckler (worn)
Scrolls
 e - a scroll of poison {unknown}
Potions
 c - a potion of might


   Skills:
 + Level 3.0 Fighting
 + Level 2.2 Polearms
 + Level 3.0 Dodging
 + Level 3.0 Shields


You couldn't memorise any spells.
You didn't know any spells.
Your spell library contained the following spells:

 Spells                   Type           Power      Damage    Failure   Level
 Ensorcelled Hibernation  Hex/Ice        0%         N/A       58%         2
 Passwall                 Tmut/Erth      0%         N/A       58%         2
 Swiftness                Air            0%         N/A       83%         3


Dungeon Overview and Level Annotations

Branches:
Dungeon (2/15)

Altars:


Innate Abilities, Weirdness & Mutations

You cannot wear most types of armour.
You are amphibious.
You can wear up to eight rings at the same time.
Your skin changes colour to match your surroundings (Stealth+).
Your rubbery body absorbs attacks. (AC +1, EV +1)
((You are camouflaged when in or above water. (Stealth+)))
You have tentacles for arms and can constrict up to eight enemies at once.


Message History

You now have 29 gold pieces (gained 7).
Found a spear.
You pick up a book of Burglary and begin reading...
You add the spells Passwall, Ensorcelled Hibernation and Swiftness to your library.
A bat comes into view.
A bat is nearby!
Found 14 gold pieces.
You block the bat's attack.
You hit the bat.
You kill the bat!
An endoplasm comes into view.
You now have 43 gold pieces (gained 14).
Found ice dragon scales.
Found a stone staircase leading down.
You see here +0 ice dragon scales.
Unknown command.
Unknown command.
Unknown command.
There is a stone staircase leading down here.
You climb downwards.
There is a stone staircase leading up here.
Found a leather armour.
A gnoll comes into view. It is wielding a +0 whip.
A gnoll is nearby!
Found a stone staircase leading down.
The gnoll shouts!
You hear a shout! x2
A gnoll comes into view. It is wielding a +0 vorpal flail.
You hear a shout!
The gnoll throws a throwing net.
The throwing net hits you.
You become entangled in the net!
You see here a throwing net.
You tear a large gash into the net.
You struggle against the net.
You struggle against the net.
A gnoll comes into view. It is wielding a +0 club.
The gnoll hits you with a +0 whip.
You rip the net and break free!
The gnoll barely misses you.
The gnoll hits you with a +0 vorpal flail!
Ouch! That really hurt!
* * * LOW HITPOINT WARNING * * *
You die...

#.# ## #.#### .
#.#.. #####.#.#.#
# ..#..#.#.##.#
#.#.........#
#.####.#.####
#@g...g.<...#
#.....g..#.####.#
....>#####.#.[g.#
# ###. #.#.##.#
.. #.#.. # ##
#.#.. #.#..#
#.####


You could see 3 gnolls.

Vanquished Creatures
  A ball python (D:1)
  2 bats (D:1)
  A kobold (D:1)
  A rat (D:1)
5 creatures vanquished.

Notes
Turn   | Place    | Note
-------+----------+-------------------------------------------
     0 | D:1      | purpskrrrp the Octopode Fighter began the quest for the
                  | Orb.
     0 | D:1      | Reached XP level 1. HP: 16/16 MP: 1/1
   322 | D:2      | Slain by a gnoll

Illustrated notes

Levels and vault maps discovered:
D:1:      dpeg_arrival_yet_another_circle, layout_loops_ring, nrook_campfire,
          nicolae_figureground_sparkle
D:2:      layout_basic, uniq_terence

Action                   || total
-------------------------++-------
Melee: Trident           ||     7
       Constrict         ||     2
Throw: Dart              ||     2
Armor: Skin              ||     1
Dodge: Dodged            ||     7
Block: Buckler           ||     4

Table legend: (Time is in decaauts)
 A = Elapsed time spent in this place.
 B = Non-inter-level travel time spent in this place.
 C = Inter-level travel time spent in this place.
 D = Time resting spent in this place.
 E = Time spent auto-exploring this place.
 F = Levels seen in this place.
 G = Mean time per level.
                   A        B        C        D        E       F      G
               +--------+--------+--------+--------+--------+-----+--------+
         Total |    323 |    318 |      5 |      0 |    241 |   2 |  161.5 |
       Dungeon |    323 |    318 |      5 |      0 |    241 |   2 |  161.5 |
               +--------+--------+--------+--------+--------+-----+--------+

Top non-repeatable levels by time:
     D:1: 309 daAuts
     D:2: 13 daAuts
